 Dungeon Crawl Stone Soup version 0.22-a0-305-gd21a89c (webtiles) character file.

9 varam the Sneak (level 2, 0/13 HPs)
             Began as a Spriggan Enchanter on Mar 28, 2018.
             Slain by a hobgoblin
             ... wielding a +0 club
              (3 damage)
             ... on level 1 of the Dungeon.
             The game lasted 00:00:30 (317 turns).

varam the Sneak (Spriggan Enchanter)                 Turns: 317, Time: 00:00:30

Health: 0/13       AC:  2    Str:  4    XL:     2   Next: 6%
Magic:  4/6        EV: 18    Int: 16    God:
Gold:   25         SH:  0    Dex: 16    Spells: 5/6 levels left

rFire    . . .     SeeInvis +   a - +1 dagger
rCold    . . .     Gourm    .   (shield restricted)
rNeg     . . .     Faith    .   b - +0 robe
rPois    .         Spirit   .   (helmet restricted)
rElec    .         Reflect  .   (no cloak)
rCorr    .         Harm     .   (gloves unavailable)
MR       .....                  (boots unavailable)
Stlth    +++.......             (no amulet)
HPRegen  0.04/turn              (no ring)
MPRegen  0.10/turn              (no ring)

@: very quick
A: very small, unfitting armour, see invisible, herbivore, speed 3, slow
metabolism 2
a: no special abilities


You were on level 1 of the Dungeon.
You were not hungry.

You visited 1 branch of the dungeon, and saw 1 of its levels.

You collected 25 gold pieces.

Inventory:

Hand Weapons
 a - a +1 dagger (weapon)
Armour
 b - a +0 robe (worn)
Scrolls
 c - a scroll of identify {unknown}
 f - a scroll of blinking {unknown}
Potions
 e - 2 potions of agility {unknown}
 g - a potion of flight {unknown}
 h - a potion of degeneration {unknown}
Comestibles
 d - 4 rations


   Skills:
 + Level 1.4 Short Blades
 + Level 3.2 Dodging
 + Level 4.6 Stealth
 + Level 2.9 Spellcasting
 + Level 3.8 Hexes


You had 5 spell levels left.
You knew the following spells:

 Your Spells              Type           Power        Failure   Level  Hunger
a - Corona                Hex            ##.....      4%          1    #......


Dungeon Overview and Level Annotations

Branches:
Dungeon (1/15)

Altars:


Innate Abilities, Weirdness & Mutations

You are very small and have problems with some larger weapons.
You are too small for most types of armour.
You have supernaturally acute eyesight. (SInv)
You are a herbivore.
You cover ground extremely quickly.
You need to consume almost no food.


Message History

The slug dart hits you!
Casting: Corona (safe; 4% risk of failure)
Confirm with . or Enter, or press ? or * to list all spells.
Aiming: Corona (safe; 4% risk of failure)
Press: ? - help, Shift-Dir - straight line, f/p - dart slug
Aim: a dart slug (severely wounded, softly glowing, chance to defeat MR: 68%)
The hobgoblin barely resists.
The hobgoblin completely misses you.
Casting: Corona (safe; 4% risk of failure)
Confirm with . or Enter, or press ? or * to list all spells.
Aiming: Corona (safe; 4% risk of failure)
Press: ? - help, Shift-Dir - straight line, f/p - dart slug
Aim: a dart slug (severely wounded, softly glowing, clinging, chance to defeat MR: 68%)
The hobgoblin is outlined in light.
The hobgoblin misses you.
You closely miss the hobgoblin. You hit the hobgoblin but do no damage.
The hobgoblin hits you with a club.
* * * LOW HITPOINT WARNING * * *
You hit the hobgoblin but do no damage. The hobgoblin completely misses you.
You barely miss the hobgoblin. The hobgoblin barely misses you.
You barely miss the hobgoblin. The hobgoblin hits you with a club.
You die...

#.# #†####### .# #
#.##..... ..#.##..# #
######.##.##.###....#..# #
.......##.##.##........###
#
.########.##..............
.# #.#####..w........
.########.# ##l..$l..###
.......##.# #g#.#..##
.#####.##.######@###..#
.#####.......(........#
.#...............###.?#
##.#####......######. #
#.# ######........ ##.#
########. ...## ........#
#######.#


You could see a dart slug, a hobgoblin and a frilled lizard.

Vanquished Creatures
  4 hobgoblins (D:1)
  A bat (D:1)
  2 frilled lizards (D:1)
  A goblin (D:1)
  2 rats (D:1)
10 creatures vanquished.

Notes
Turn   | Place    | Note
-------+----------+-------------------------------------------
     0 | D:1      | varam the Spriggan Enchanter began the quest for the Orb.
     0 | D:1      | Reached XP level 1. HP: 9/9 MP: 5/5
   190 | D:1      | Reached XP level 2. HP: 12/13 MP: 6/6
   317 | D:1      | Slain by a hobgoblin

Vault maps used:
D:1:      dpeg_arrival_lava_altar

Action                   || total
-------------------------++-------
Melee: Dagger            ||    25
 Cast: Corona            ||     5
 Stab: Sleeping          ||     6
Armor: Robe              ||     2
Dodge: Dodged            ||    15

Table legend:
 A = Spawn XP
 B = Non-spawn XP
 C = Spawn XP percentage of total XP
 D = Spawn monster count
 E = Non-spawn monster count
 F = Spawn count percentage of total count
 G = Total turns spent on level
                    A         B        C        D         E        F      G
               +---------+---------+-------+---------+---------+-------+---------
         Total |       0 |      14 |   0.0 |       0 |      10 |   0.0 |   317
               +---------+---------+-------+---------+---------+-------+---------
           D:1 |       0 |      14 |   0.0 |       0 |      10 |   0.0 |   317
               +---------+---------+-------+---------+---------+-------+---------
